 Dungeon Crawl Stone Soup version 0.29-a0-194-g6e3aafee17 (webtiles) character file.

Game seed: 15163049275312531928

29 Zeldest the Skirmisher (level 3, 0/30 HPs)
             Began as a Formicid Chaos Knight on Feb 22, 2022.
             Was a Plaything of Xom.
             Slain by Natasha (4 damage)
             ... on level 2 of the Dungeon.
             The game lasted 00:01:01 (1060 turns).

Zeldest the Skirmisher (Formicid Chaos Knight)      Turns: 1060, Time: 00:01:02

Health: 0/30       AC:  5    Str: 16    XL:     3   Next: 32%
Magic:  3/3        EV: 11    Int: 11    God:    Xom [...*..]
Gold:   51         SH:  0    Dex: 10    Spells: 2/2 levels left

rFire   . . .      SeeInvis +   a - +0 hand axe (chaos)
rCold   . . .      Faith    .   (no shield)
rNeg    . . .      Spirit   .   b - +2 leather armour
rPois   .          Reflect  .   (helmet unavailable)
rElec   .          Harm     .   (no cloak)
rCorr   .          Rampage  .   (no gloves)
Will    .....                   (no boots)
Stlth   +.........              (no amulet)
HPRegen 0.10/turn               (no ring)
MPRegen 0.08/turn               (no ring)

@: unable to read
A: permanent stasis, dig shafts and tunnels, antennae 3, four strong arms, weak
1, inability to read while threatened
a: Dig, Shaft Self, Renounce Religion


You were on level 2 of the Dungeon.
You worshipped Xom.
You were a favourite toy of Xom.
You visited 1 branch of the dungeon, and saw 2 of its levels.

You collected 51 gold pieces.

Inventory:

Hand Weapons
 a - a +0 hand axe of chaos (weapon)
Armour
 b - a +2 leather armour (worn)
Jewellery
 e - a ring of resist corrosion
Scrolls
 c - a scroll of enchant weapon {unknown}
 i - a scroll of blinking {unknown}
 k - a scroll of holy word {unknown}
 l - 3 scrolls of amnesia {unknown}
 m - a scroll of teleportation {unknown}
 n - a scroll of identify {unknown}
Potions
 d - a potion of curing {unknown}
 g - a potion of might {unknown}
 h - a potion of heal wounds {unknown}
 j - a potion of mutation {unknown}


   Skills:
 + Level 3.7 Fighting
 + Level 3.4 Axes
 + Level 2.9 Armour
 - Level 0.8 Dodging


You had 2 spell levels left.
You didn't know any spells.
Your spell library was empty.

Dungeon Overview and Level Annotations

Branches:
Dungeon (2/15)

Altars:

Annotations:
D:2 Natasha


Innate Abilities, Weirdness & Mutations

You cannot be hasted, slowed, berserked, paralysed or teleported.
You can dig through walls and to a lower floor.
You have a pair of large antennae on your head. (SInv)
Your four strong arms can wield two-handed weapons with a shield.
You are weak. (Str -2)
You sometimes lose the ability to read scrolls when taking damage.


Message History

You are too injured to fight recklessly!
You closely miss Natasha.
Natasha is heavily wounded.
Natasha barely misses you.
You hit Natasha but do no damage.
Natasha suddenly seems more agile.
Natasha is heavily wounded.
You can read scrolls again.
Natasha claws you but does no damage.
You miss Natasha.
Natasha is heavily wounded.
Natasha claws you but does no damage.
You barely miss Natasha.
Natasha is heavily wounded.
Natasha claws you but does no damage. x2
You miss Natasha.
Natasha is heavily wounded.
Natasha claws you!
You feel threatened and lose the ability to read scrolls!
You completely miss Natasha.
Natasha is heavily wounded.
Natasha completely misses you.
You barely miss Natasha.
Natasha is heavily wounded.
Natasha claws you.
* * * LOW HITPOINT WARNING * * *
You barely miss Natasha.
Natasha is heavily wounded.
Natasha closely misses you.
You closely miss Natasha.
Natasha is heavily wounded.
Natasha claws you.
* * * LOW HITPOINT WARNING * * *
You closely miss Natasha.
Natasha is heavily wounded.
Natasha claws you.
* * * LOW HITPOINT WARNING * * *
It was a potion of haste.
Your stasis prevents you from being hasted.
Natasha claws you.
You die...

##...............## ##.#.##
#.........##.#...##########.##
#..###..#................####
#..#.........#.#..######.#
#.)#.#..#.##....#.# #.#
#..#.#..#.##...##.# ###.#####
#...#...#......##.#
#.......###
##.###).####.#.##.#
#.......... ##.#.#.# #...@."#
#.......### ##.##.# #..h..##
#..†....# ####.# #.....#
#.......# #.# #.....#
#.......# ###.#
#.....#####.......# #...#
#.<...#........#### #.###
#######.#####..# #.# #.
####..# #.# #. #.....#


You could see Natasha (agile).

Vanquished Creatures
  A dart slug (D:1)
  6 ball pythons
  2 endoplasms (D:1)
  3 giant cockroaches (D:1)
  3 goblins (D:1)
  3 hobgoblins
  A bat (D:1)
  A frilled lizard (D:1)
  2 kobolds (D:1)
  A rat (D:1)
23 creatures vanquished.

Notes
Turn   | Place    | Note
-------+----------+-------------------------------------------
     0 | D:1      | Zeldest the Formicid Chaos Knight began the quest for the
                  | Orb.
     0 | D:1      | Reached XP level 1. HP: 18/18 MP: 1/1
    59 | D:1      | XOM: silly message
   107 | D:1      | Reached XP level 2. HP: 22/24 MP: 2/2
   421 | D:1      | XOM: cloud trail
   431 | D:1      | Reached XP level 3. HP: 19/30 MP: 3/3
   525 | D:1      | XOM: give mutations
   525 | D:1      | Gained mutation: You sometimes lose the ability to read
                  | scrolls when taking damage. [Xom's mischief]
   525 | D:1      | Gained mutation: You are weak. (Str -2) [Xom's mischief]
  1043 | D:2      | Noticed Natasha
  1060 | D:2      | Slain by Natasha

Illustrated notes

Levels and vault maps discovered:
D:1:      dpeg_arrival_triangle_fractal, layout_basic
D:2:      layout_loops_cross, basic_altar, uniq_natasha, uniq_terence

Action                   || total
-------------------------++-------
Melee: Hand axe          ||    68
  Use: Potion            ||     1
Armor: Leather armour    ||    23
Dodge: Dodged            ||    47

Table legend: (Time is in decaauts)
 A = Elapsed time spent in this place.
 B = Non-inter-level travel time spent in this place.
 C = Inter-level travel time spent in this place.
 D = Time resting spent in this place.
 E = Time spent auto-exploring this place.
 F = Levels seen in this place.
 G = Mean time per level.
                   A        B        C        D        E       F      G
               +--------+--------+--------+--------+--------+-----+--------+
         Total |   1069 |   1029 |     40 |    113 |    701 |   2 |  534.5 |
       Dungeon |   1069 |   1029 |     40 |    113 |    701 |   2 |  534.5 |
               +--------+--------+--------+--------+--------+-----+--------+

Top non-repeatable levels by time:
     D:1: 856 daAuts
     D:2: 212 daAuts
